 Dungeon Crawl Stone Soup version 0.25.1-2-g60ff931df9 (webtiles) character file.

Game seed: 680030404104685271

1913 Curus the Carver (level 8, -5/62 HPs)
             Began as a Minotaur Gladiator on Sept 21, 2020.
             Slain by a wight
             ... wielding a cursed +0 halberd
              (11 damage)
             ... on level 6 of the Dungeon.
             The game lasted 00:21:58 (5823 turns).

Curus the Carver (Minotaur Gladiator)               Turns: 5823, Time: 00:21:59

Health: -5/62      AC:  9    Str: 19    XL:     8   Next: 95%
Magic:  7/7        EV: 13    Int:  7    God:
Gold:   477        SH:  0    Dex: 12    Spells: 7/7 levels left

rFire    . . .     SeeInvis .   y - +0 scimitar
rCold    . . .     Gourm    .   (no shield)
rNeg     + . .     Faith    .   b - +1 leather armour
rPois    .         Spirit   .   c - +0 hat
rElec    .         Reflect  .   k - +1 cloak
rCorr    .         Harm     .   h - +1 pair of gloves
MR       .....                  A - +0 pair of boots
Stlth    ++........             q - amulet of magic regeneration
HPRegen  0.20/turn              j - ring of positive energy
MPRegen  0.35/turn              o - ring of stealth

@: lethally poisoned (-5 -> -9), mesmerised, lightly drained
A: retaliatory headbutt, horns 2
a: no special abilities


You were on level 6 of the Dungeon.
You were hungry.

You visited 1 branch of the dungeon, and saw 6 of its levels.
You also visited: Ossuary.

You collected 477 gold pieces.

Inventory:

Hand Weapons
 a - a +2 long sword
 y - a +0 scimitar (weapon)
Missiles
 d - 3 throwing nets (quivered)
Armour
 b - a +1 leather armour (worn)
 c - a +0 hat (worn)
 h - a +1 pair of gloves (worn)
 k - a +1 cloak (worn)
 A - a +0 pair of boots (worn)
 B - the +2 chain mail of Surprise {Harm rN++ MR- Int+8}
   (You found it on level 5 of the Dungeon)

   It affects your intelligence (+8).
   It greatly protects you from negative energy.
   It affects your resistance to hostile enchantments.
   It increases damage dealt and taken.
Jewellery
 j - a ring of positive energy (left hand)
 o - a ring of stealth (right hand)
 q - an amulet of magic regeneration (around neck)
Wands
 l - a wand of clouds (8)
 m - a wand of digging (4)
 w - a wand of acid (11)
Scrolls
 e - 3 scrolls of noise
 i - 6 scrolls of teleportation
 s - 3 scrolls of identify
 v - a scroll of remove curse
Potions
 g - 2 potions of haste
 n - 2 potions of cancellation
 p - 3 potions of magic
 r - 2 potions of stabbing
 t - a potion of might
 u - a potion of brilliance
 x - 2 potions of ambrosia
Comestibles
 f - 10 rations


   Skills:
 - Level 2.4(2.2) Fighting
 + Level 13.7(13.5) Long Blades
 - Level 2.0(1.8) Throwing
 - Level 3.2(3.1) Dodging


You had 7 spell levels left.
You didn't know any spells.
Your spell library contained the following spells:

 Spells                   Type           Power        Failure   Level  Hunger
 Leda's Liquefaction      Hex/Erth       #.........   99%         4    #####..
 Bolt of Magma            Conj/Fire/Erth #.........   100%        5    ######.
 Iron Shot                Conj/Erth      #.........   100%        6    #######
 Statue Form              Tmut/Erth      #........    100%        6    #######
 Shatter                  Erth           #.........   100%        9    #######


Dungeon Overview and Level Annotations

Branches:
Dungeon (6/15)            Ossuary (visited)
 Temple: D:4-7

Altars:
Cheibriados
Fedhas
Makhleb
Qazlal
Sif Muna
Xom

Shops:
D:5 =

Annotations:
D:6 Blork the orc, Maggie


Innate Abilities, Weirdness & Mutations

You reflexively headbutt those who attack you in melee.
You have a pair of horns on your head.


Message History

The orc closely misses you.
You barely miss the orc.
The orc is lightly wounded.
You feel sick. The wight barely misses you. Something hits you.
* * * LOW HITPOINT WARNING * * *
Unknown command.
You slash the orc!
You kill the orc!
You feel sick. The wight misses you.
Unknown command.
You feel better. Something hits you!
* * * LOW HITPOINT WARNING * * *
You are poisoned.
The wight hits you from afar with a cursed +0 halberd.
* * * LOW HITPOINT WARNING * * *
You partially resist.
You feel drained.
You feel sick. Something barely misses you.
You slash something! You headbutt something!
You feel sick.
The wight hits you from afar with a cursed +0 halberd!
You die...

.#.###......@.
.....?.......
#.#..#.......
#.#..#.....#
#........#
###.o###z# #..# #z#
############.@###)#
...........#.oo{@(#
###<.#####.#.######
#)[#####.#.#
#..##.....[#
#.....##.###
##.#####.#
#.......# #########


You could see Maggie (mesmerising), 2 wights and 2 orcs.

Vanquished Creatures
  Grinder (D:3)
  3 ogres
  A centaur (D:6)
  2 bullfrogs
  2 scorpions (D:4)
  6 wights (D:6)
  2 howler monkeys
  A crimson imp (D:6)
  A jelly (D:6)
  Crazy Yiuf (D:3)
  An orc priest (D:5)
  5 hounds
  5 orc wizards
  5 worker ants
  8 mummies (Ossuary)
  A worker ant zombie (D:5)
  A gnoll (D:1)
  7 adders
  2 shadow imps
  2 worms (D:2)
  A dart slug (D:2)
  9 leopard geckos
  6 orcs
  11 bats
  5 giant cockroaches
  10 goblins
  7 hobgoblins
  4 jackals (D:4)
  A quokka (D:2)
  A ball python (D:1)
  4 frilled lizards
  A giant cockroach zombie (D:6)
  A gnoll zombie (Ossuary)
  2 hobgoblin zombies (Ossuary)
  10 kobolds
  4 kobold zombies (Ossuary)
  A leopard gecko zombie (D:5)
  An orc zombie (Ossuary)
  8 rats
144 creatures vanquished.

Vanquished Creatures (others)
  5 dream sheep (D:5)
5 creatures vanquished.

Grand Total: 149 creatures vanquished

Notes
Turn   | Place    | Note
-------+----------+-------------------------------------------
     0 | D:1      | Curus the Minotaur Gladiator began the quest for the Orb.
     0 | D:1      | Reached XP level 1. HP: 18/18 MP: 0/0
    88 | D:1      | Reached skill level 4 in Long Blades
    88 | D:1      | Reached XP level 2. HP: 25/25 MP: 1/1
   266 | D:1      | Reached skill level 5 in Long Blades
   294 | D:1      | Reached XP level 3. HP: 30/30 MP: 2/2
   845 | D:2      | Found a faded altar of an unknown god.
  1128 | D:2      | Reached skill level 6 in Long Blades
  1128 | D:2      | Reached XP level 4. HP: 36/37 MP: 3/3
  1643 | D:2      | Noticed a bullfrog
  1658 | D:2      | Killed a bullfrog
  1658 | D:2      | Reached skill level 7 in Long Blades
  1658 | D:2      | Reached XP level 5. HP: 18/42 MP: 4/4
  2073 | D:3      | Noticed Grinder
  2075 | D:3      | Paralysed by Grinder for 5 turns
  2086 | D:3      | Killed Grinder
  2086 | D:3      | Reached skill level 8 in Long Blades
  2086 | D:3      | Reached XP level 6. HP: 21/50 MP: 5/5
  2295 | D:3      | Reached skill level 9 in Long Blades
  2488 | D:3      | Found a runed translucent door.
  2489 | D:3      | Noticed Crazy Yiuf
  2546 | D:3      | Found a shimmering blue altar of Sif Muna.
  2793 | D:3      | Found a snail-covered altar of Cheibriados.
  2793 | D:3      | Found a blossoming altar of Fedhas.
  3014 | D:3      | Killed Crazy Yiuf
  3381 | D:4      | Reached XP level 7. HP: 53/56 MP: 6/6
  3434 | D:4      | Found a sand-covered staircase.
  3440 | Ossuary  | Entered an ossuary
  3465 | Ossuary  | Reached skill level 10 in Long Blades
  4191 | D:4      | Found a burning altar of Makhleb.
  4369 | D:4      | Reached skill level 11 in Long Blades
  4660 | D:5      | Entered Level 5 of the Dungeon
  4790 | D:5      | Reached XP level 8. HP: 61/62 MP: 7/7
  4801 | D:5      | Found a stormy altar of Qazlal.
  5018 | D:5      | Found Muxuemy's Jewellery Shop.
  5095 | D:5      | Noticed a dream sheep
  5095 | D:5      | Noticed a dream sheep
  5095 | D:5      | Noticed a dream sheep
  5095 | D:5      | Noticed a dream sheep
  5095 | D:5      | Noticed a dream sheep
  5095 | D:5      | Found a shimmering altar of Xom.
  5100 | D:5      | Killed a dream sheep
  5100 | D:5      | Killed a dream sheep
  5100 | D:5      | Killed a dream sheep
  5100 | D:5      | Killed a dream sheep
  5100 | D:5      | Killed a dream sheep
  5150 | D:5      | Reached skill level 12 in Long Blades
  5175 | D:5      | Got an ichor-stained chain mail
  5600 | D:5      | Identified the +2 chain mail of Surprise {Harm rN++ MR-
                  | Int+8} (You found it on level 5 of the Dungeon)
  5778 | D:6      | Reached skill level 13 in Long Blades
  5778 | D:6      | Noticed Blork the orc
  5783 | D:6      | Noticed Maggie
  5823 | D:6      | Slain by a wight

Illustrated notes

Levels and vault maps discovered:
D:1:      psy_arrival_statuary, layout_basic
D:2:      layout_basic, chequers_ecumenical_altar_simple_redux,
          minmay_misc_feat_columns, minmay_divided_ellipse
D:3:      layout_rooms, lemuel_blue_sif_altar,
          gammafunk_temple_overflow_elements, first_ration,
          uniq_crazy_yiuf_cottage, uniq_grinder
D:4:      minmay_clustersquares, layout_loops_ring, makhleb_grotto_becter,
          enter_ossuary_2
D:5:      layout_loops_ring, grunt_qazlal_sundering, serial_shops,
          nicolae_shop_competitors_out_of_business, kb_xom_exploding_sheep
D:6:      layout_loops_cross, gammafunk_temple_overflow_wave,
          ebering_ghost_sewer_f, uniq_blork_the_orc, uniq_maggie

Skill      XL: |  1  2  3  4  5  6  7  8 |
---------------+-------------------------+-----
Long Blades    | 4 5 6 7 8 9 11 13 | 13.7
Fighting       | |  2.4
Throwing       | |  2.0
Dodging        | |  3.2

Action                   |  1- 3 |  4- 6 |  7- 9 || total
-------------------------+-------+-------+-------++-------
Melee: Long sword        |    76 |   102 |   133 ||   311
       Headbutt          |    12 |    19 |    32 ||    63
       Scimitar          |       |       |    45 ||    45
  Use: Scroll            |     5 |     3 |     6 ||    14
       Potion            |     4 |     3 |     5 ||    12
 Stab: Sleeping          |       |       |     6 ||     6
  Eat: Chunk             |     1 |     7 |     7 ||    15
Armor: Leather armour    |    21 |    29 |    40 ||    90
Dodge: Dodged            |    54 |    61 |    82 ||   197
       Rpst.: Long sword |    13 |    16 |    15 ||    44
       Scimitar          |       |       |     6 ||     6
